 Dungeon Crawl Stone Soup version 0.27-a0-1595-g0b823d0a13 (webtiles) character file.

Game seed: 10491501494740787958

61 zazu2006 the Magician (level 4, -7/36 HPs)
             Began as a Naga Hedge Wizard on July 21, 2021.
             Shot with a bolt by a kobold brigand (13 damage)
             ... on level 3 of the Dungeon.
             The game lasted 00:03:27 (2920 turns).

zazu2006 the Magician (Naga Hedge Wizard)           Turns: 2920, Time: 00:03:28

Health: -7/36      AC:  2    Str: 12    XL:     4   Next: 7%
Magic:  6/10       EV: 10    Int: 15    God:
Gold:   62         SH:  0    Dex: 11    Spells: 2/11 levels left

rFire    . . .     SeeInvis +   l - +2 dagger (protect)
rCold    . . .     Faith    .   (no shield)
rNeg     + . .     Spirit   .   b - +0 robe
rPois    +         Reflect  .   c - +0 hat
rElec    .         Harm     .   (no cloak)
rCorr    .         Rampage  .   (no gloves)
Will     .....                  (no barding)
Stlth    ++........             (no amulet)
HPRegen  0.12/turn              g - ring of positive energy
MPRegen  0.12/turn              (no ring)

@: very slightly contaminated, very slow
A: AC +1, large, see invisible, deformed body, poison resistance, slowness 2,
spit poison 1, naga tail 1
a: Spit Poison


You were on level 3 of the Dungeon.
You visited 1 branch of the dungeon, and saw 3 of its levels.

You collected 114 gold pieces.
You spent 52 gold pieces at shops.

Inventory:

Hand Weapons
 l - a +2 dagger of protection (weapon)
Armour
 b - a +0 robe (worn)
 c - a +0 hat (worn)
Jewellery
 g - a ring of positive energy (left hand)
Scrolls
 e - a scroll of magic mapping {unknown}
 f - 3 scrolls of identify
 i - a scroll of enchant armour {unknown}
 k - 2 scrolls of vulnerability {unknown}
Potions
 a - 2 potions of resistance {unknown}
 d - 2 potions of heal wounds
 h - a potion of attraction {unknown}
 j - a potion of mutation {unknown}
 m - a potion of haste {unknown}
 n - a potion of magic {unknown}


   Skills:
 + Level 1.7 Dodging
 + Level 3.5 Stealth
 + Level 4.0 Spellcasting
 + Level 1.8 Conjurations
 + Level 1.0 Summonings
 + Level 1.0 Translocations


You had 2 spell levels left.
You knew the following spells:

 Your Spells              Type           Power      Damage    Failure   Level
a - Magic Dart            Conj           32%        1d4       9%          1
b - Mephitic Cloud        Conj/Pois/Air  4%         N/A       38%         3
c - Conjure Flame         Conj/Fire      5%         6-21      36%         3
d - Blink                 Tloc           N/A        N/A       19%         2

Your spell library contained the following spells:

 Spells                   Type           Power      Damage    Failure   Level
 Apportation              Tloc           12%        N/A       12%         1
 Summon Small Mammal      Summ           24%        N/A       12%         1
 Animate Skeleton         Necr           6%         N/A       19%         1
 Corona                   Hex            3%         N/A       19%         1
 Call Imp                 Summ           6%         N/A       19%         2
 Static Discharge         Conj/Air       5%         N/A       19%         2
 Slow                     Hex            3%         N/A       26%         2
 Iskenderun's Mystic Bla  Conj/Tloc      7%         2d4       69%         4
 Fulminant Prism          Conj/Hex       2%         3d6       77%         4
 Lightning Bolt           Conj/Air       2%         1d14      98%         5
 Lee's Rapid Deconstruct  Erth           1%         3d5*      99%         5
 Maxwell's Capacitive Co  Air            1%         ∞         100%        8


Dungeon Overview and Level Annotations

Branches:
Dungeon (3/15)

Altars:
Qazlal

Shops:
D:1 *


Innate Abilities, Weirdness & Mutations

Your serpentine skin is tough. (AC +1)
You have supernaturally acute eyesight. (SInv)
Armour fits poorly on your strangely shaped body.
Your system is resistant to poisons. (rPois)
You cover ground very slowly.
You can spit poison.
You have a snake-like lower body.


Message History

The kobold brigand shoots a bolt.
The bolt hits you!
A worm comes into view.
Casting: Magic Dart (safe; 9% risk of failure)
Confirm with . or Enter, or press ? or * to list all spells.
Aiming: Magic Dart (safe; 9% risk of failure)
Press: ? - help, Shift-Dir - straight line, f/p - kobold brigand
Aim: a kobold brigand, wielding a +0 hand crossbow and quivering bolts (moderately wounded, poisoned, 100% to hit)
The magic dart hits the kobold brigand.
The kobold brigand is moderately wounded.
The kobold brigand shoots a bolt.
The bolt completely misses you.
Casting: Magic Dart (safe; 9% risk of failure)
Confirm with . or Enter, or press ? or * to list all spells.
Aiming: Magic Dart (safe; 9% risk of failure)
Press: ? - help, Shift-Dir - straight line, f/p - kobold brigand
Aim: a kobold brigand, wielding a +0 hand crossbow and quivering bolts (heavily wounded, poisoned, 100% to hit)
The magic dart hits the kobold brigand but does no damage.
The kobold brigand is heavily wounded.
The kobold brigand shoots a bolt.
The bolt hits you!
You have got your breath back.
You start resting.
A kobold brigand is nearby!
Casting: Magic Dart (safe; 9% risk of failure)
Confirm with . or Enter, or press ? or * to list all spells.
The spell is quite dangerous to cast (38% risk of failure)!
Continue anyway?
Okay, then.
Casting: Mephitic Cloud (quite dangerous; 38% risk of failure)
Confirm with . or Enter, or press ? or * to list all spells.
The spell is quite dangerous to cast (38% risk of failure)!
Continue anyway?
Aiming: Mephitic Cloud (quite dangerous; 38% risk of failure)
Press: ? - help, Shift-Dir - straight line, f/p - kobold brigand
Aim: a kobold brigand, wielding a +0 hand crossbow and quivering bolts (severely wounded, poisoned, chance to affect: 77%)
You miscast Mephitic Cloud.
You are very lightly contaminated with residual magic.
Nothing appears to happen.
The kobold brigand looks more healthy.
The kobold brigand shoots a bolt.
The bolt hits you!
* * * LOW HITPOINT WARNING * * *
The kobold brigand shoots a bolt.
The bolt hits you.
* * * LOW HITPOINT WARNING * * *
The kobold brigand shoots a bolt.
The bolt hits you!
You die...

## . .####.
###...K.. #.K.#.#.#
#.#.......
#@#.#.#.#..
#.#........
#####.#.#.#.#.
#.....#......
##.#####....###.
#####...####.#......
.................#
.#####...####....#
##.## #....#


You could see a kobold brigand.

Vanquished Creatures
  3 adders
  A worm (D:2)
  2 endoplasms
  2 giant cockroaches
  4 hobgoblins
  A quokka (D:2)
  4 ball pythons (D:1)
  A bat (D:1)
  A frilled lizard (D:1)
  3 goblins
  4 kobolds
  5 rats
31 creatures vanquished.

Notes
Turn   | Place    | Note
-------+----------+-------------------------------------------
     0 | D:1      | zazu2006 the Naga Hedge Wizard began the quest for the Orb.
     0 | D:1      | Reached XP level 1. HP: 15/15 MP: 4/4
    38 | D:1      | Found a faded altar of an unknown god.
   424 | D:1      | Reached XP level 2. HP: 22/22 MP: 4/6
   580 | D:1      | Found Yvechy's General Store.
   589 | D:1      | Bought a scroll of identify for 26 gold pieces
   589 | D:1      | Bought a scroll of identify for 26 gold pieces
  1560 | D:2      | Reached XP level 3. HP: 28/28 MP: 0/8
  1564 | D:2      | Learned a level 3 spell: Mephitic Cloud
  1568 | D:2      | Learned a level 3 spell: Conjure Flame
  1571 | D:2      | Learned a level 2 spell: Blink
  2405 | D:2      | Reached skill level 4 in Spellcasting
  2738 | D:3      | Reached XP level 4. HP: 34/36 MP: 6/10
  2860 | D:3      | Found a stormy altar of Qazlal.
  2903 | D:3      | Noticed a kobold brigand
  2920 | D:3      | Shot with a bolt by a kobold brigand

Illustrated notes

Levels and vault maps discovered:
D:1:      dpeg_arrival_simpleton_b, layout_loops_ring, basic_ecumenical_altar,
          serial_shops, shop
D:2:      layout_basic
D:3:      layout_loops_ring, mainiacjoe_overflow_divided_tiny,
          nicolae_qazlal_scattered_showers, serial_glass, glass_columns_a,
          glass_columns_a, glass_columns_a, glass_columns_a, glass_columns_a,
          glass_columns_a, glass_columns_a, glass_columns_b, glass_columns_b,
          glass_columns_b, glass_columns_a, glass_columns_c, glass_columns_c,
          glass_columns_b, uniq_grinder

Skill      XL: |  1  2  3 |
---------------+----------+-----
Spellcasting   | 4 |  4.0
Dodging        | |  1.7
Stealth        | |  3.5
Conjurations   | |  1.8
Summonings     | |  1.0
Translocations | |  1.0

Action                   |  1- 3 |  4- 6 || total
-------------------------+-------+-------++-------
Melee: Dagger            |     3 |       ||     3
 Cast: Magic Dart        |    70 |     8 ||    78
 Abil: Spit Poison       |    12 |     1 ||    13
  Use: Scroll            |     1 |       ||     1
Armor: Robe              |     3 |       ||     3
Dodge: Dodged            |    13 |     3 ||    16

Table legend: (Time is in decaauts)
 A = Elapsed time spent in this place.
 B = Non-inter-level travel time spent in this place.
 C = Inter-level travel time spent in this place.
 D = Time resting spent in this place.
 E = Time spent auto-exploring this place.
 F = Levels seen in this place.
 G = Mean time per level.
                   A        B        C        D        E       F      G
               +--------+--------+--------+--------+--------+-----+--------+
         Total |   3567 |   3500 |     67 |     63 |   3203 |   3 | 1189.0 |
       Dungeon |   3567 |   3500 |     67 |     63 |   3203 |   3 | 1189.0 |
               +--------+--------+--------+--------+--------+-----+--------+

Top non-repeatable levels by time:
     D:2: 1977 daAuts
     D:1: 1370 daAuts
     D:3: 219 daAuts
